cohdb
Replays
Latest Replays
All Replays
Popular Replays
Top Player Replays
Match Explorer
How It Works
Community
CoH3 Stats
Reddit
Sign in to upload your games and track your stats! →
Sign in with Steam
Match 40610262
Unlisted
Match 40610262
Overview
Messages
Build Orders
End
Royal Engineer Section
Construct Section Command Post
Selects Canadian Shock Battlegroup
Dingo Light Scout Car
Infantry Section
Infantry Section
Construct Platoon Command Post
Selects Attacking Spirit
Selects Canadian Shock Section
Selects Incendiary Munitions
Construct Field Infirmary
Humber Armored Car
Selects Pyrotechnics
Canadian Shock Section
Grenade Package
Canadian Shock Section
Grounded_Bagel
^3
0
0
Comments
sign in to comment!
No comments posted yet!